 Dungeon Crawl Stone Soup version 0.31-a0-963-ga325b2283a (webtiles) character file.

Game seed: 9334418859515971756

44 lunkers the Insei (level 4, -5/35 HPs)
             Began as a Meteoran Shapeshifter on Oct 24, 2023.
             Slain by a gnoll
             ... wielding a +0 halberd
              (13 damage)
             ... on level 2 of the Dungeon.
             The game lasted 00:02:26 (663 turns).

lunkers the Insei (Meteoran Shapeshifter)            Turns: 663, Time: 00:02:27

Health: -5/35      AC:  3    Str: 15    XL:     4   Next: 10%
Magic:  5/5        EV: 12    Int: 11    God:
Gold:   19         SH:  0    Dex: 16    Spells: 3/3 levels left

rFire   . .          .
                       - Unarmed
rCold   + . .        (no shield)
rNeg    . . .        h - +0 leather armour {rC+}
rPois   .            (helmet currently unavailable)
rElec   .            (cloak currently unavailable)
rCorr   .            (gloves currently unavailable)
SInv    .            (boots currently unavailable)
Will    .....        (no amulet)
Stlth   +            (no ring)
HPRegen 0.25/turn    (no ring)
MPRegen 0.09/turn

%: no passive effects
@: beast-form, glowing
A: beast (slay +2), sense surroundings 1, otherworldly, glowing, explore regen
a: Begin Untransformation


You were on level 2 of the Dungeon.
You were a hulking beast.
You visited 1 branch of the dungeon, and saw 2 of its levels.

You collected 19 gold pieces.

Inventory:

Missiles
 i - 6 curare-tipped darts
Armour
 a - a +0 animal skin
 h - a +0 leather armour of cold resistance (worn)
Talismans
 c - a beast talisman
 d - a flux talisman
Scrolls
 e - 2 scrolls of immolation {unknown}
 f - a scroll of fog {unknown}
 g - a scroll of poison {unknown}
 l - a scroll of silence {unknown}
 m - a scroll of noise {unknown}
Potions
 b - a potion of lignification
 j - a potion of brilliance {unknown}
 k - a potion of curing {unknown}


   Skills:
 - Level 1.1 Fighting
 - Level 2.1 Dodging
 * Level 4.9 Unarmed Combat
 + Level 4.2 Shapeshifting


You had 3 spell levels left.
You didn't know any spells.
Your spell library contained the following spells:

 Spells                   Type           Power      Damage    Failure   Level
 Conjure Ball Lightning   Conj/Air       0%         3x3d6     100%        6
 Discord                  Hex            0%         N/A       100%        8
 Disjunction              Tloc           0%         N/A       100%        8


Dungeon Overview and Level Annotations

Branches:
Dungeon (2/15) Zot: 542

Altars:

Shops:
D:1 [


Innate Abilities, Weirdness & Mutations

You are a hulking beast.
Your limbs bulge with bestial killing power. (Slay +2)
You passively map a small area around you.
You are easily found by Zot.
You glow in the dark.
You regain HP and MP as you explore.


Message History

The hobgoblin hits you.
The gnoll shouts!
You hit the hobgoblin.
You kill the hobgoblin!
The gnoll closely misses you.
A gnoll comes into view. It is wielding a +0 spear.
You see here a hobgoblin corpse.
A gnoll comes into view. It is wielding a +0 halberd.
The gnoll shouts! x2
The gnoll hits you with a +0 halberd.
There are monsters nearby!
You hit the gnoll. You punch the gnoll.
The gnoll is severely wounded.
The gnoll closely misses you.
There are monsters nearby!
You hit the gnoll.
The gnoll is almost dead.
The gnoll closely misses you. x2; The gnoll misses you.
You punch the gnoll!
You kill the gnoll!
The gnoll hits you from afar with a +0 halberd!
* * * LOW HITPOINT WARNING * * *
The gnoll hits you from afar with a +0 spear!
* * * LOW HITPOINT WARNING * * *
You have reached level 4!
The gnoll attacks as it pursues you! The gnoll barely misses you.
You see here a hobgoblin corpse.
Okay, then.
Things that are here:
a +0 dagger; a +0 sling The gnoll hits you with a +0 spear!
* * * LOW HITPOINT WARNING * * *
You barely miss the gnoll. The gnoll barely misses you.
You barely miss the gnoll. The gnoll misses you.
The gnoll hits you with a +0 spear.
* * * LOW HITPOINT WARNING * * *
You punch the gnoll!
The gnoll is heavily wounded.
The gnoll hits you from afar with a +0 halberd!
You die...

##..##..#* , #
#....##..##,
..##..##..## *
.##(#..##..#* * * ##
..##..##..## ,.#
#....##..### *.#
##..##..##.### .#
.##....###.#.#####.#
).##..##......ggh..#
#...†##.##.#.#######
##..######.###
###..g.....#
..##..###### #.##..#
.....## ....## ....#


You could see 2 gnolls.

Vanquished Creatures
  A gnoll (D:2)
  A worm (D:2)
  An endoplasm (D:1)
  A giant cockroach (D:2)
  4 goblins
  3 hobgoblins
  7 jackals (D:1)
  2 kobolds (D:1)
  4 bats
  A frilled lizard (D:1)
  5 rats
30 creatures vanquished.

Notes
Turn   | Place    | Note
-------+----------+-------------------------------------------
     0 | D:1      | lunkers the Meteoran Shapeshifter began the quest for the
                  | Orb.
     0 | D:1      | Reached XP level 1. HP: 16/16 MP: 2/2
    86 | D:1      | Reached XP level 2. HP: 16/23 MP: 3/3
   184 | D:1      | Reached XP level 3. HP: 28/28 MP: 4/4
   388 | D:1      | Found Wierph's Armour Shoppe.
   623 | D:2      | Reached XP level 4. HP: 4/35 MP: 5/5
   663 | D:2      | Slain by a gnoll

Illustrated notes

Levels and vault maps discovered:
D:1:      roadster_arrival_rocket_large, layout_loops_ring, serial_shops, shop,
          hangedman_decor_push
D:2:      minmay_alternating_diamond, layout_loops_cross,
          ebering_ecumenical_altar_ruins

Skill      XL: |  1  2  3 |
---------------+----------+-----
Unarmed Combat | 4 |  4.9
Shapeshifting  | 4 |  4.2
Fighting       | |  1.1
Dodging        | |  2.1

Action                     |  1- 3 |  4- 6 || total
---------------------------+-------+-------++-------
  Melee: Unarmed           |    88 |     3 ||    91
         Punch             |     3 |       ||     3
 Armour: Animal skin       |    21 |       ||    21
         Leather armour    |    35 |     3 ||    38
  Dodge: Dodged            |    62 |     3 ||    65

Table legend: (Time is in decaauts)
 A = Elapsed time spent in this place.
 B = Non-inter-level travel time spent in this place.
 C = Inter-level travel time spent in this place.
 D = Time resting spent in this place.
 E = Time spent auto-exploring this place.
 F = Levels seen in this place.
 G = Mean time per level.
                   A        B        C        D        E       F      G
               +--------+--------+--------+--------+--------+-----+--------+
         Total |    656 |    559 |     97 |      0 |    313 |   2 |  328.0 |
       Dungeon |    656 |    559 |     97 |      0 |    313 |   2 |  328.0 |
               +--------+--------+--------+--------+--------+-----+--------+

Top non-repeatable levels by time:
     D:1: 495 daAuts
     D:2: 160 daAuts
